 Dungeon Crawl Stone Soup version 0.32-a0-172-gc5dd13f2a7 (webtiles) character file.

Game seed: 2892720371112322197

102 Newt the Poker (level 4, -2/35 HPs)
             Began as a Merfolk Gladiator on Feb 12, 2024.
             Slain by a hobgoblin (5 damage)
             ... on level 3 of the Dungeon.
             The game lasted 00:01:50 (2408 turns).

Newt the Poker (Merfolk Gladiator)                  Turns: 2408, Time: 00:01:51

Health: -2/35      AC:  1    Str: 16    XL:     4   Next: 77%
Magic:  4/4        EV: 13    Int:  7    God:
Gold:   179        SH:  0    Dex: 15    Spells: 3/3 levels left

rFire   . . .        a - +0 trident
rCold   . . .        (no shield)
rNeg    . . .        b - +0 leather armour
rPois   .            c - +0 helmet
rElec   .            (no cloak)
rCorr   .            g - +0 pair of gloves
SInv    .            (no boots)
Will    .....        (no amulet)
Stlth   +            (no ring)
HPRegen 0.25/turn    (no ring)
MPRegen 0.09/turn

%: no passive effects
@: corroded
A: (nimble swimmer 2), mertail
a: no special abilities


You were on level 3 of the Dungeon.
You visited 1 branch of the dungeon, and saw 3 of its levels.

You collected 179 gold pieces.

Inventory:

Hand Weapons
 a - a +0 trident (weapon)
Missiles
 d - 3 throwing nets (quivered)
 e - a javelin
 i - 2 boomerangs
Armour
 b - a +0 leather armour (worn)
 c - a +0 helmet (worn)
 g - a +0 pair of gloves (worn)
 m - a +0 buckler
Wands
 l - a wand of mindburst (5)
Scrolls
 k - 2 scrolls of vulnerability
 n - 2 scrolls of amnesia
 p - a scroll of fog
 s - a scroll of enchant armour
 t - a scroll of teleportation {unknown}
Potions
 f - a potion of curing
 h - a potion of ambrosia
 j - a potion of invisibility {unknown}
 o - a potion of degeneration {unknown}
 q - 2 potions of enlightenment {unknown}
 r - a potion of haste {unknown}
 u - 2 potions of attraction {unknown}


   Skills:
 + Level 3.5 Fighting
 - Level 6.1 Polearms
 - Level 2.0 Throwing
 * Level 4.1 Dodging


You had 3 spell levels left.
You didn't know any spells.
Your spell library contained the following spells:

 Spells                   Type           Power      Damage    Failure   Level
 Call Imp                 Summ           0%         N/A       65%         2
 Sublimation of Blood     Necr           0%         N/A       65%         2
 Summon Hydra             Summ           0%         N/A       100%        7


Dungeon Overview and Level Annotations

Branches:
Dungeon (3/15)

Altars:
Hepliaklqana


Innate Abilities, Weirdness & Mutations

((You are very nimble when in or above water. (Stealth+, EV+, Speed+++)))
Your lower body shifts to a powerful aquatic tail in water.


Message History

You hit the endoplasm but do no damage.
The endoplasm is severely wounded.
The endoplasm freezes you.
You are frozen.
You hit the endoplasm.
You kill the endoplasm!
No target in view!
No target in view!
No target in view!
A jelly comes into view.
A jelly is nearby!
A hobgoblin comes into view.
Found a leather armour.
Found a hazy altar of Hepliaklqana.
The hobgoblin shouts!
You hit the jelly.
Your hands burn!
The jelly is moderately wounded.
The jelly barely misses you.
You hit the jelly.
Your hands burn!
The jelly is moderately wounded.
The jelly hits you.
You are splashed with acid!
You barely miss the jelly.
The jelly is moderately wounded.
The jelly hits you.
You are splashed with acid.
You are too injured to fight recklessly!
You are too injured to fight recklessly!
There are monsters nearby!
There are monsters nearby!
You are too injured to fight recklessly!
Unknown command.
The hobgoblin hits you but does no damage.
Unknown command.
You hit the jelly but do no damage. The acid corrodes you!
Your hands burn!
* * * LOW HITPOINT WARNING * * *
The jelly is moderately wounded.
The jelly hits you.
* * * LOW HITPOINT WARNING * * *
You are splashed with acid!
* * * LOW HITPOINT WARNING * * *
The hobgoblin hits you.
You die...

.# #######
#..###..........#
.# ##.##
######.....#####
.### #..#
####...........
...# #..#
[.#############
##.## #..# _.#
#..#### #..# ..#
##....###
#..####..#
####...#
#...##g..# ###.#
#....@J..#
#.####......##
#..# ########
##.### ### #...#
#.# ###.## #.#
#..## #.# ##..#
#.# ##.# #.#


You could see a jelly and a hobgoblin.

Vanquished Creatures
  4 adders
  10 bats
  12 endoplasms
  4 giant cockroaches
  5 goblins
  6 hobgoblins
  2 quokkas
  6 ball pythons
  2 frilled lizards (D:2)
  6 kobolds
  4 rats
61 creatures vanquished.

Notes
Turn   | Place    | Note
-------+----------+-------------------------------------------
     0 | D:1      | Newt the Merfolk Gladiator began the quest for the Orb.
     0 | D:1      | Reached XP level 1. HP: 16/16 MP: 1/1
   135 | D:1      | Reached XP level 2. HP: 23/23 MP: 2/2
   412 | D:1      | Found a faded altar of an unknown god.
   419 | D:1      | Reached skill level 5 in Polearms
   421 | D:1      | Reached XP level 3. HP: 28/28 MP: 3/3
  1249 | D:2      | Reached XP level 4. HP: 34/35 MP: 4/4
  1812 | D:3      | Reached skill level 6 in Polearms
  2403 | D:3      | Found a hazy altar of Hepliaklqana.
  2408 | D:3      | Slain by a hobgoblin

Illustrated notes

Levels and vault maps discovered:
D:1:      dpeg_arrival_stone_temple_mockup, layout_basic,
          shapermc_ecumenical_altar_flowoftime
D:2:      layout_basic
D:3:      layout_basic, nicolae_hepliaklqana_hippocampus

Skill      XL: |  1  2  3  4 |
---------------+-------------+-----
Polearms       | 5 6 |  6.1
Fighting       | 3 |  3.5
Throwing       | |  2.0
Dodging        | |  4.1

Action                     |  1- 3 |  4- 6 || total
---------------------------+-------+-------++-------
  Melee: Trident           |   102 |    90 ||   192
    Use: Scroll            |     2 |     3 ||     5
         Potion            |     1 |       ||     1
   Stab: Sleeping          |     1 |       ||     1
         Distracted        |       |     2 ||     2
 Armour: Leather armour    |    45 |    34 ||    79
  Dodge: Dodged            |    46 |    32 ||    78

Table legend: (Time is in decaauts)
 A = Elapsed time spent in this place.
 B = Non-inter-level travel time spent in this place.
 C = Inter-level travel time spent in this place.
 D = Time resting spent in this place.
 E = Time spent auto-exploring this place.
 F = Levels seen in this place.
 G = Mean time per level.
                   A        B        C        D        E       F      G
               +--------+--------+--------+--------+--------+-----+--------+
         Total |   2414 |   2355 |     59 |    113 |   1837 |   3 |  804.7 |
       Dungeon |   2414 |   2355 |     59 |    113 |   1837 |   3 |  804.7 |
               +--------+--------+--------+--------+--------+-----+--------+

Top non-repeatable levels by time:
     D:1: 884 daAuts
     D:3: 813 daAuts
     D:2: 716 daAuts
